 Dungeon Crawl Stone Soup version 0.30-a0-462-gd5975efbca (webtiles) character file.

Game seed: 13139159524922000416

823 Ijustatesigmund the Firebug (level 7, -13/60 HPs)
             Began as a Hill Orc Fire Elementalist on Dec 16, 2022.
             Mangled by an ogre
             ... wielding a +0 giant club
              (26 damage)
             ... on level 5 of the Dungeon.
             The game lasted 00:09:00 (5500 turns).

Ijustatesigmund the Firebug (HOFE)                  Turns: 5500, Time: 00:09:01

Health: -13/60     AC: 13    Str: 17    XL:     7   Next: 96%
Magic:  1/9        EV: 11    Int: 26    God:
Gold:   55         SH:  0    Dex: 11    Spells: 2/9 levels left

rFire   . . .      SeeInvis .    d - +4 dagger (freeze)
rCold   . . .      Faith    .    (no shield)
rNeg    . . .      Spirit   .    a - +6 ring mail of the Gastropod {Int+9 Stlth+}
rPois   +          Reflect  .    (no helmet)
rElec   .          Harm     .    k - +1 cloak {rPois}
rCorr   .          Rampage  .    (no gloves)
Will    .....                    (no boots)
Stlth   ++........               u - amulet of regeneration
HPRegen 1.10/turn                E - +6 ring of strength
MPRegen 0.11/turn                (no ring)

@: no status effects
A: no striking features
a: Convert to Beogh


You were on level 5 of the Dungeon.
You visited 1 branch of the dungeon, and saw 5 of its levels.

You collected 203 gold pieces.
You spent 148 gold pieces at shops.

Inventory:

Hand Weapons
 d - a +4 dagger of freezing (weapon)
 n - a +0 hand axe
Armour
 a - the +6 ring mail of the Gastropod (worn) {Int+9 Stlth+}
   (You found it on level 4 of the Dungeon)

   Int:       It affects your intelligence (+9).
   Stlth:     It makes you more stealthy.
 k - a +1 cloak of poison resistance (worn)
Jewellery
 u - an amulet of regeneration (around neck)
 E - a +6 ring of strength (left hand)
Wands
 o - a wand of flame (18)
 p - a wand of quicksilver (9)
Scrolls
 e - 5 scrolls of identify
 f - 2 scrolls of fog {unknown}
 h - 2 scrolls of enchant weapon {unknown}
 i - a scroll of immolation {unknown}
 j - a scroll of enchant armour {unknown}
 l - 3 scrolls of teleportation {unknown}
 m - a scroll of amnesia {unknown}
 q - a scroll of acquirement {unknown}
 r - a scroll of butterflies {unknown}
 w - a scroll of blinking
 x - a scroll of fear
 y - a scroll of magic mapping {unknown}
 z - 2 scrolls of torment {unknown}
 A - a scroll of vulnerability {unknown}
 B - a scroll of poison {unknown}
Potions
 b - 2 potions of magic
 c - 2 potions of flight
 t - a potion of might
 v - a potion of haste
 C - 2 potions of brilliance {unknown}
 D - a potion of invisibility


   Skills:
 - Level 4.3 Fighting
 + Level 4.1 Axes
 + Level 2.3 Armour
 - Level 1.5 Dodging
 - Level 1.5 Stealth
 - Level 1.5 Spellcasting
 + Level 4.4 Conjurations
 + Level 6.0 Fire Magic


You had 2 spell levels left.
You knew the following spells:

 Your Spells              Type           Power      Damage    Failure   Level
a - Foxfire               Conj/Fire      100%       2x1d9     2%          1
b - Scorch                Fire           66%        2d8       2%          2
c - Flame Wave            Conj/Fire      29%        2d9       22%         4

Your spell library contained the following spells:

 Spells                   Type           Power      Damage    Failure   Level
 Inner Flame              Hex/Fire       17%        N/A       17%         3
 Kindle Blastsparks       Fire/Tloc/Air  24%        2d12      26%         3


Dungeon Overview and Level Annotations

Branches:
Dungeon (5/15)
 Temple: D:4-7

Altars:
Makhleb

Shops:
D:1 (   D:4 ??*


Message History

(press Y on the ability menu to convert to Beogh)
The orc priest threatens, "By the altar or by the axe, you will meet Beogh!"
The ogre misses you.
Casting: Scorch (safe; 2% risk of failure)
Confirm with . or Enter, or press ? or * to list all spells.
Flames lash the ogre.
The ogre is burned terribly!
The ogre is almost dead.
The ogre hits you with a +0 giant club!
The orc priest invokes the aid of Beogh against you.
Beogh smites you! The ogre barely misses you.
Casting: Scorch (safe; 2% risk of failure)
Confirm with . or Enter, or press ? or * to list all spells.
Flames lash the orc priest.
The orc priest is heavily wounded.
The orc priest's fire resistance burns away.
The orc priest threatens, "By the altar or by the axe, you will meet Beogh!"
You hear a shout!
The orc priest looks encouraged for a moment.
The ogre hits you with a +0 giant club!
* * * LOW HITPOINT WARNING * * *
You feel much better.
The orc priest hits you but does no damage.
The ogre hits you with a +0 giant club!
Casting: Scorch (safe; 2% risk of failure)
Confirm with . or Enter, or press ? or * to list all spells.
You conjure some foxfire!
The orc priest hits you but does no damage.
The orc priest is no longer more vulnerable to fire.
The foxfire hits the orc priest.
The orc priest is almost dead.
The foxfire hits the orc priest but does no damage.
The orc priest is almost dead.
The ogre hits you with a +0 giant club!
* * * LOW HITPOINT WARNING * * *
The orc priest invokes the aid of Beogh against you.
Beogh smites you!
* * * LOW HITPOINT WARNING * * *
You feel better.
The ogre hits you with a +0 giant club!!
You die...

.# .. .#
.######
##....... #.
##......
###..#....#####
......o@.......
.###....O......
#..###.#####
.... .# ###. #
.. .. ###


You could see an ogre (combustible) and an orc priest.

Vanquished Creatures
  Sigmund (D:3)
  Menkaure (D:4)
  A phantom (D:4)
  A kobold brigand (D:4)
  A scorpion (D:4)
  2 hounds (D:4)
  Crazy Yiuf (D:2)
  Jessica (D:2)
  Natasha (thrice) (D:3)
  An iguana (D:4)
  4 adders
  2 worms
  A dart slug (D:4)
  2 orcs (D:3)
  9 endoplasms
  6 giant cockroaches
  4 goblins
  5 hobgoblins
  6 jackals (D:2)
  2 quokkas (D:1)
  5 ball pythons
  6 bats
  A frilled lizard (D:2)
  8 kobolds
  5 rats
79 creatures vanquished.

Vanquished Creatures (collateral kills)
  A foxfire (D:1)
1 creature vanquished.

Vanquished Creatures (others)
  245 foxfires
  2 plants (D:4)
247 creatures vanquished.

Grand Total: 327 creatures vanquished

Notes
Turn   | Place    | Note
-------+----------+-------------------------------------------
     0 | D:1      | Ijustatesigmund the Hill Orc Fire Elementalist began the
                  | quest for the Orb.
     0 | D:1      | Reached XP level 1. HP: 14/14 MP: 3/3
   186 | D:1      | Reached skill level 1 in Fighting
   186 | D:1      | Reached XP level 2. HP: 23/23 MP: 2/4
   189 | D:1      | Learned a level 2 spell: Scorch
   401 | D:1      | Found Gicoapn's Weapon Emporium.
   866 | D:1      | Reached XP level 3. HP: 28/28 MP: 2/5
  1090 | D:1      | Found a faded altar of an unknown god.
  1296 | D:2      | Noticed Jessica
  1301 | D:2      | Killed Jessica
  1302 | D:2      | Reached skill level 4 in Fire Magic
  1309 | D:2      | Reached XP level 4. HP: 36/36 MP: 1/6
  2058 | D:2      | Found a runed translucent door.
  2059 | D:2      | Noticed Crazy Yiuf
  2067 | D:2      | Killed Crazy Yiuf
  2068 | D:2      | Reached XP level 5. HP: 12/45 MP: 1/7
  2595 | D:3      | Noticed Natasha
  2612 | D:3      | Killed Natasha
  2931 | D:3      | Noticed Natasha
  2936 | D:3      | Killed Natasha
  3224 | D:3      | Noticed Sigmund
  3240 | D:3      | Killed Sigmund
  3241 | D:3      | Reached skill level 5 in Fire Magic
  3241 | D:3      | Reached XP level 6. HP: 31/52 MP: 3/8
  3480 | D:3      | Noticed Natasha
  3488 | D:3      | Killed Natasha
  3699 | D:4      | Reached XP level 7. HP: 35/59 MP: 2/9
  3709 | D:4      | Identified the +6 ring mail of the Gastropod {Int+9 Stlth+}
  3860 | D:4      | Found Poawom's General Store.
  4059 | D:4      | Noticed Menkaure
  4318 | D:4      | Reached skill level 1 in Armour
  4481 | D:4      | Learned a level 4 spell: Flame Wave
  4482 | D:4      | Found Pishimin's Magic Scroll Shoppe.
  4517 | D:4      | Bought a scroll of identify for 22 gold pieces
  4517 | D:4      | Bought a scroll of blinking for 82 gold pieces
  4517 | D:4      | Bought a scroll of fear for 44 gold pieces
  4614 | D:4      | Found Hohir's Magic Scroll Shop.
  5213 | D:4      | Found a burning altar of Makhleb.
  5304 | D:4      | Killed Menkaure
  5305 | D:4      | Reached skill level 6 in Fire Magic
  5487 | D:5      | Entered Level 5 of the Dungeon
  5500 | D:5      | Mangled by an ogre

Illustrated notes

Levels and vault maps discovered:
D:1:      minmay_arrival_cross, layout_loops_corners, serial_shops,
          nicolae_shop_waterfront, dilly_ecumenical_altar_fadedgnrine,
          kennysheep_boxes
D:2:      layout_basic, uniq_jessica, uniq_crazy_yiuf_cottage
D:3:      layout_basic, uniq_sigmund, uniq_natasha
D:4:      cheibrodos_old_hovel, layout_gridville, kennysheep_little_box,
          serial_shops, shop, nicolae_take_the_stairs, nicolae_stop_n_shop_2,
          uniq_menkaure
D:5:      layout_loops_ring, mainiacjoe_overflow_paths, portal_sewer_entry_b

Skill      XL: |  1  2  3  4  5  6  7 |
---------------+----------------------+-----
Fighting       | 1 2 3 4 |  4.3
Conjurations   | 2 3 4 |  4.4
Fire Magic     | 4 5 6 |  6.0
Axes           | 2 4 |  4.1
Armour         | 2 |  2.3
Dodging        | |  1.5
Stealth        | |  1.5
Spellcasting   | |  1.5

Action                   |  1- 3 |  4- 6 |  7- 9 || total
-------------------------+-------+-------+-------++-------
Melee: Dagger            |    12 |    20 |     6 ||    38
 Cast: Foxfire           |    39 |    63 |    41 ||   143
       Scorch            |     1 |     9 |     6 ||    16
  Use: Potion            |       |     1 |     2 ||     3
       Scroll            |       |       |     4 ||     4
 Stab: Sleeping          |       |     1 |     1 ||     2
Armor: Robe              |     5 |    13 |       ||    18
       Ring mail         |       |       |    13 ||    13
Dodge: Dodged            |    15 |    22 |    16 ||    53

Table legend: (Time is in decaauts)
 A = Elapsed time spent in this place.
 B = Non-inter-level travel time spent in this place.
 C = Inter-level travel time spent in this place.
 D = Time resting spent in this place.
 E = Time spent auto-exploring this place.
 F = Levels seen in this place.
 G = Mean time per level.
                   A        B        C        D        E       F      G
               +--------+--------+--------+--------+--------+-----+--------+
         Total |   5498 |   5394 |    104 |    681 |   4039 |   5 | 1099.6 |
       Dungeon |   5498 |   5394 |    104 |    681 |   4039 |   5 | 1099.6 |
               +--------+--------+--------+--------+--------+-----+--------+

Top non-repeatable levels by time:
     D:4: 1820 daAuts
     D:1: 1287 daAuts
     D:2: 1230 daAuts
     D:3: 1147 daAuts
     D:5: 12 daAuts
